 Dungeon Sprint DCSS version 0.31.0-32-g396128a36d (webtiles) character file.

Game seed: 16310384729666336215

438017 Groucho the Archmage (level 18, 171/171 HPs)
             Began as a Gnoll Wanderer on Mar 22, 2024.
             Was the Champion of Qazlal.
             Escaped with the Orb!
             The game lasted 00:31:23 (7803 turns).

Groucho the Archmage (Gnoll Wanderer)               Turns: 7803, Time: 00:31:24

Health: 171/171    AC: 47    Str: 22    XL:     18   Next: 39%
Magic:  49/49      EV: 18    Int: 16    God:    Qazlal [******]
Gold:   0          SH: 50    Dex: 25    Spells: 71/71 levels left

rFire   + . .        I - +6 shillelagh "Devastator" {shatter}
rCold   . . .        H - +18 shield of the Gong {Loud rN+ Will+ rCorr EV-5}
rNeg    + . .        G - +15 Maxwell's patent armour {-Cast -Tele rElec Will+ rCorr}
rPois   +            S - +2 helmet {SInv}
rElec   +            O - +1 cloak {rCorr}
rCorr   +            (no gloves)
SInv    +            Q - +2 pair of boots of Hopscotch {^Contam Fly rPois Dex+7}
Will    +++..        L - amulet of reflection
Stlth   +            U - ring "Woluirip" {Str+6 Dex+3}
HPRegen 0.48/turn    d - ring of Freedom {rF+ Str+4 Slay+4}
MPRegen 0.31/turn

%: no teleportation, no spellcasting, repel missiles, reflection
@: flying, studying 3 skills
A: fangs 1, strong nose, distributed training
0: Orb of Zot
a: Renounce Religion, Upheaval, Elemental Force, Disaster Area


You escaped.
You worshipped Qazlal.
Qazlal was exalted by your worship.
You visited 1 branch

Inventory:

Hand Weapons
 I - the +6 shillelagh "Devastator" (weapon) {shatter}
   (You found it in the Dungeon)
Armour
 b - the sphere of Battle
   (You found it in the Dungeon)

   Battle:    It summons a battlesphere in combat, with strength depending on
   Conjurations skill.
   Destructive: It enhances your destructive magic, and weakens non-destructive
   magic.
 k - +5 gold dragon scales
 G - the +15 Maxwell's patent armour (worn) {-Cast -Tele rElec Will+ rCorr}
   (You found it in the Dungeon)

   rElec:     It insulates you from electricity.
   Will+:     It increases your willpower.
   -Cast:     It prevents spellcasting.
   -Tele:     It prevents most forms of teleportation.
   rCorr:     It protects you from acid and corrosion.
 H - the +18 shield of the Gong (worn) {Loud rN+ Will+ rCorr EV-5}
   (You found it in the Dungeon)

   Loud:      It is deafeningly noisy when blocking attacks.
   EV-5:      It affects your evasion (-5).
   rN+:       It protects you from negative energy.
   Will+:     It increases your willpower.
   rCorr:     It protects you from acid and corrosion.
 O - a +1 cloak of preservation (worn)
 Q - the +2 pair of boots of Hopscotch (worn) {^Contam Fly rPois Dex+7}
   (You found it in the Dungeon)

   Dex+7:     It affects your dexterity (+7).
   rPois:     It protects you from poison Fly: It grants you flight.
   ^Contam:   It causes magical contamination when unequipped.
 S - a +2 helmet of see invisible (worn)
Jewellery
 d - the ring of Freedom (right hand) {rF+ Str+4 Slay+4}
   (You found it in the Dungeon)

   [ring of slaying]

   Str+4:     It affects your strength (+4).
   Slay+4:    It affects your accuracy & damage with ranged weapons and melee
   (+4).
   rF+:       It protects you from fire.
 v - the ring of Grace {rElec EV+5}
   (You found it in the Dungeon)

   [ring of evasion]

   EV+5:      It affects your evasion (+5).
   rElec:     It insulates you from electricity.
 x - the ring of Moral Flaws {Fly Str+3 Stlth+}
   (You found it in the Dungeon)

   [ring of flight]

   Str+3:     It affects your strength (+3).
   Fly:       It grants you flight.
   Stlth+:    It makes you more stealthy.
 y - the ring "Salarewn" {AC+4 Slay+2}
   (You found it in the Dungeon)

   [ring of protection]

   AC+4:      It affects your AC (+4).
   Slay+2:    It affects your accuracy & damage with ranged weapons and melee
   (+2).
 z - a +5 ring of evasion
 A - the ring of Okatz {Wiz Int+6 Dex-3 Slay-5 Stlth+}
   (You found it in the Dungeon)

   [ring of wizardry]

   Wiz:       It improves your spell success rate.
   Int+6:     It affects your intelligence (+6).
   Dex-3:     It affects your dexterity (-3).
   Slay-5:    It affects your accuracy & damage with ranged weapons and melee
   (-5).
   Stlth+:    It makes you more stealthy.
 B - a ring of see invisible
 L - an amulet of reflection (around neck)
 M - a ring of willpower
 R - an amulet of magic regeneration
 U - the ring "Woluirip" (left hand) {Str+6 Dex+3}
   (You found it in the Dungeon)

   [ring of strength]

   Str+6:     It affects your strength (+6).
   Dex+3:     It affects your dexterity (+3).
 W - a ring of protection from fire
 Z - a ring of ice
Talismans
 a - a granite talisman
 w - the dragon-blood talisman "Ysirre" {Dex+3}
   (You found it in the Dungeon)

   [dragon-blood talisman]

   Dex+3:     It affects your dexterity (+3).
 C - a beast talisman
 D - a blade talisman
 E - a maw talisman
 F - a serpent talisman
Wands
 t - a wand of mindburst (82)
 u - a wand of quicksilver (26)
 J - a wand of flame (147)
 P - a wand of roots (63)
 T - a wand of paralysis (34)
 V - a wand of polymorph (29)
 X - a wand of digging (35)
Scrolls
 c - 8 scrolls of fog
 j - 4 scrolls of blinking
 q - 4 scrolls of amnesia
 r - 5 scrolls of identify
 s - 2 scrolls of fear
 N - 10 scrolls of brand weapon
 Y - 20 scrolls of enchant armour
Potions
 e - 10 potions of curing
 f - 14 potions of heal wounds
 g - 10 potions of haste
 h - 5 potions of magic
 i - 3 potions of berserk rage
 l - 2 potions of brilliance
 m - 2 potions of invisibility
 n - 4 potions of resistance
 o - a potion of experience
 p - 5 potions of might
Miscellaneous
 K - a lightning rod (4/4)


   Skills:
 + Level 23.1 Fighting
 + Level 23.1 Short Blades
 + Level 23.1 Long Blades
 O Level 27 Axes
 + Level 23.1 Maces & Flails
 + Level 23.1 Polearms
 + Level 23.1 Staves
 + Level 23.1 Ranged Weapons
 + Level 23.8 Throwing
 + Level 23.9 Armour
 + Level 23.2 Dodging
 + Level 23.1 Stealth
 + Level 23.1 Shields
 + Level 23.1 Unarmed Combat
 O Level 27 Spellcasting
 + Level 19.8 Conjurations
 + Level 19.8 Hexes
 + Level 19.8 Summonings
 + Level 19.8 Necromancy
 + Level 19.8 Translocations
 + Level 19.8 Fire Magic
 + Level 20.1 Ice Magic
 + Level 19.8 Air Magic
 + Level 19.9 Earth Magic
 + Level 19.8 Alchemy
 + Level 24.9 Invocations
 + Level 23.1 Evocations
 + Level 21.4 Shapeshifting


You had 71 spell levels left.
You didn't know any spells.
Your spell library contained the following spells:

 Spells                   Type           Power      Damage    Failure   Level
 Apportation              Tloc           100%       N/A       0%          1
 Foxfire                  Conj/Fire      100%       2x1d9     0%          1
 Freeze                   Ice            100%       1d10      0%          1
 Kiss of Death            Conj/Necr      100%       2d13      0%          1
 Magic Dart               Conj           100%       1d8       0%          1
 Sandblast                Erth           100%       2d20      0%          1
 Shock                    Conj/Air       100%       1d9       0%          1
 Slow                     Hex            100%       N/A       0%          1
 Sting                    Conj/Alch      100%       1d9       0%          1
 Summon Small Mammal      Summ           100%       N/A       0%          1
 Blink                    Tloc           100%       N/A       0%          2
 Call Imp                 Summ           100%       N/A       0%          2
 Cigotuvi's Dreadful Rot  Necr/Alch/Air  100%       N/A       0%          2
 Ensorcelled Hibernation  Hex/Ice        100%       N/A       0%          2
 Jinxbite                 Hex            100%       N/A       0%          2
 Lesser Beckoning         Tloc           100%       N/A       0%          2
 Mercury Vapours          Alch/Air       100%       N/A       0%          2
 Momentum Strike          Conj/Tloc      100%       3d10      0%          2
 Scorch                   Fire           100%       2d9       0%          2
 Searing Ray              Conj           100%       2d8       0%          2
 Static Discharge         Conj/Air       100%       3-8/arc   0%          2
 Call Canine Familiar     Summ           71%        N/A       0%          3
 Dazzling Flash           Conj/Hex       100%       N/A       0%          3
 Frozen Ramparts          Ice            100%       1d16      0%          3
 Fugue of the Fallen      Necr           71%        N/A       0%          3
 Gell's Gravitas          Tloc           71%        N/A       0%          3
 Hailstorm                Conj/Ice       72%        3d13      0%          3
 Inner Flame              Hex/Fire       71%        N/A       0%          3
 Mephitic Cloud           Conj/Alch/Air  71%        N/A       0%          3
 Ozocubu's Armour         Ice            72%        N/A       0%          3
 Passwall                 Erth           71%        N/A       0%          3
 Sigil of Binding         Hex            71%        N/A       0%          3
 Stone Arrow              Conj/Erth      100%       3d13      0%          3
 Summon Ice Beast         Ice/Summ       72%        N/A       0%          3
 Swiftness                Air            71%        N/A       0%          3
 Teleport Other           Tloc           71%        N/A       0%          3
 Tukima's Dance           Hex            71%        N/A       0%          3
 Vampiric Draining        Necr           71%        2d11      0%          3
 Volatile Blastmotes      Fire/Tloc      100%       2d18      0%          3
 Airstrike                Air            35%        2d(6-22)  1%          4
 Anguish                  Hex/Necr       35%        N/A       1%          4
 Animate Armour           Summ/Erth      100%       N/A       1%          4
 Animate Dead             Necr           71%        N/A       1%          4
 Brom's Barrelling Bould  Conj/Erth      71%        2d8       1%          4
 Cause Fear               Hex            35%        N/A       1%          4
 Dimensional Bullseye     Hex/Tloc       35%        N/A       1%          4
 Dispel Undead            Necr           71%        3d24      1%          4
 Flame Wave               Conj/Fire      71%        2d16      1%          4
 Fulminant Prism          Conj/Alch      35%        3d17      1%          4
 Ignite Poison            Fire/Alch      71%        N/A       1%          4
 Iskenderun's Mystic Bla  Conj/Tloc      71%        2d14      1%          4
 Leda's Liquefaction      Alch/Erth      35%        N/A       1%          4
 Manifold Assault         Tloc           71%        N/A       1%          4
 Martyr's Knell           Necr/Summ      71%        N/A       1%          4
 Olgreb's Toxic Radiance  Alch           71%        N/A       1%          4
 Passage of Golubria      Tloc           71%        N/A       1%          4
 Petrify                  Alch/Erth      71%        N/A       1%          4
 Sticky Flame             Fire/Alch      71%        2d11      1%          4
 Summon Blazeheart Golem  Fire/Summ      71%        N/A       1%          4
 Summon Lightning Spire   Summ/Air       71%        N/A       1%          4
 Alistair's Intoxication  Alch           47%        N/A       1%          5
 Curse of Agony           Necr           71%        N/A       1%          5
 Fireball                 Conj/Fire      35%        3d15      1%          5
 Freezing Cloud           Conj/Ice/Air   35%        6-21      1%          5
 Iskenderun's Battlesphe  Conj           71%        2d12      1%          5
 Lee's Rapid Deconstruct  Erth           35%        3d18*     1%          5
 Metabolic Englaciation   Hex/Ice        36%        N/A       1%          5
 Silence                  Hex/Air        35%        N/A       1%          5
 Summon Forest            Summ/Tloc      35%        N/A       1%          5
 Summon Mana Viper        Hex/Summ       71%        N/A       1%          5
 Yara's Violent Unravell  Hex/Alch       35%        3d14      1%          5
 Bombard                  Conj/Erth      35%        9d6       1%          6
 Conjure Ball Lightning   Conj/Air       35%        3x3d11    1%          6
 Death Channel            Necr           35%        N/A       1%          6
 Dispersal                Tloc           35%        N/A       1%          6
 Eringya's Noxious Bog    Alch           35%        4d6       1%          6
 Plasma Beam              Fire/Air       35%        2x1d49    1%          6
 Sculpt Simulacrum        Ice/Alch       36%        N/A       1%          6
 Starburst                Conj/Fire      35%        6d10      1%          6
 Summon Cactus Giant      Summ           35%        N/A       1%          6
 Ozocubu's Refrigeration  Ice            36%        4d15      1%          7
 Enfeeble                 Hex            35%        N/A       2%          7
 Haunt                    Necr/Summ      35%        N/A       2%          7
 Malign Gateway           Summ/Tloc      35%        N/A       2%          7
 Monstrous Menagerie      Summ           35%        N/A       2%          7
 Orb of Destruction       Conj           35%        9d10      2%          7
 Spellforged Servitor     Conj/Summ      35%        N/A       2%          7
 Summon Hydra             Summ           35%        N/A       2%          7
 Lehudib's Crystal Spear  Conj/Erth      35%        10d9      16%         8
 Discord                  Hex            35%        N/A       17%         8
 Disjunction              Tloc           35%        N/A       17%         8
 Maxwell's Capacitive Co  Air            35%        ∞         17%         8
 Summon Horrible Things   Summ           35%        N/A       17%         8
 Chain Lightning          Conj/Air       35%        3d47      95%         9


Dungeon Overview and Level Annotations

Branches:
Dungeon (1/1)

Altars:
Ashenzari
Cheibriados
Dithmenos
Elyvilon
Fedhas
Gozag
Hepliaklqana
Kikubaaqudgha
Makhleb
Nemelex Xobeh
Okawaru
Qazlal
Ru
Sif Muna
Trog
Uskayaw
Vehumet
Wu Jian
Xom
Yredelemnul
Zin
The Shining One
Jiyva
Lugonu


Innate Abilities, Weirdness & Mutations

You have very sharp teeth.
Your uncanny sense of smell can sniff out nearby items.
Your experience applies equally to all skills.


Message History

You see here a ring of flight.
You see here a +3 glaive of protection.
You see here the +0 plate armour "Cipyng" {Regen+ Int+3}.
You see here the +5 shortbow "Zuurikh" {heavy, rElec Str-5 Int+4}.
You see here a +2 halberd of venom.
You pick up a manual of Polearms and begin studying.
You see here a book of Displacement.
You see here a book of Callings.
f - 14 potions of heal wounds (gained 4)
You see here a +0 halberd of flaming.
Your pack is full.
You see here the ring "Uschowuj" {+Blink Fly rC- rN++ Will+}.
You see here a +2 orcbow of draining.
P - a wand of roots (57) (gained 3 charges)
You see here a staff of fire.
J - a wand of flame (147) (gained 6 charges)
You see here a book of Geomancy.
P - a wand of roots (63) (gained 6 charges)
You see here a book of Geomancy.
You see here a staff of fire.
You see here a +2 orcbow of draining.
Your pack is full.
You see here the ring "Uschowuj" {+Blink Fly rC- rN++ Will+}.
You see here a +0 halberd of flaming.
You see here a book of Callings.
You start waiting.
There is a transporter here.
An exit appears before you!
You enter the transporter and appear at another place.
Found the Orb of Zot.
Found a staircase leading out of the dungeon.
Unknown command.
Unknown command.
You see here the Orb of Zot.
You pick up the Orb of Zot!
The Orb lets out an ear-shattering shriek!
The lords of Pandemonium are not amused.
Beware!
Now all you have to do is get back out of the dungeon!
There is a staircase leading out of the dungeon here.
You have escaped!

.....|......▓..▓.......▓..▓...8©8
[....[......▓.▓▓▓.....▓▓▓.▓......
...)........▓..▓.......▓..▓...=|:
.....)......▓.............▓......
..÷.[.......▓......©......▓......
............▓▓▓▓▓▓▓▓▓▓▓▓▓▓▓......
............▓8888888888888▓......
▓.......▓...▓8...°.......8▓..▓...
............▓8☼.@.....©..8▓.▓....
............▓8..○°.......8▓....©.
....©.......▓8888888888888▓▓▓▓▓▓▓
▓▓▓▓▓▓▓▓▓▓▓▓▓▓▓▓▓▓▓▓▓▓▓▓▓▓▓▓▓▓▓▓▓
.....8©8........▓........8©8.....
...|:[)).[)).):.▓.):.[).[....[:..
..)"..)...).)):=▓.)..).)).):.|.:[
.[).[...)[||))..▓...)..)..|.)|.."
........).[...÷.▓..[...:.........


There were no monsters in sight!

Vanquished Creatures
  A dread lich (D)
  An ancient lich (D)
  A pearl dragon (D)
  6 electric golems (D)
  5 Ice Fiends (D)
  3 liches (D)
  4 titans (D)
  2 acid blobs (D)
  A tentacled starspawn (D)
  An Executioner (D)
  3 krakens (D)
  7 storm dragons (D)
  3 azure jellies (D)
  5 rockslimes (D)
  A daeva (D)
  8 fire giants (D)
  7 frost giants (D)
  5 balrugs (D)
  3 ghouls (D)
  A cacodemon (D)
  A very ugly thing (D)
  3 stone giants (D)
  An ophan (D)
  A wendigo (D)
  3 vampire knights (D)
  5 dire elephants (D)
  10 merfolk impalers (D)
  5 blizzard demons (D)
  10 merfolk javelineers (D)
  An entropy weaver (shapeshifter) (D)
  7 ice dragons (D)
  8 hydras (D)
  9 spriggan air magi (D)
  5 catoblepae (D)
  A satyr (D)
  3 dancing weapons (D)
  3 merfolk aquamancers (D)
  2 boulder beetles (D)
  2 death yaks (D)
  5 vampire magi (D)
  2 two-headed ogres (D)
  A thrashing horror (D)
  2 deep elf knights (D)
  2 skysharks (D)
  4 wretched stars (D)
  4 sea snakes (D)
  6 skeletal warriors (D)
  A cherub (D)
  3 glowing orange brains (D)
  2 starcursed masses (D)
  A lindwurm (D)
  A mana viper (D)
  3 harpies (D)
  A deep elf pyromancer (D)
  6 necromancers (D)
  A deep elf zephyrmancer (D)
  A shining eye (D)
  2 wolf spiders (D)
  3 cyclopes (D)
  6 manticores (D)
  5 merfolk sirens (D)
  2 water nymphs (D)
  An eye of devastation (D)
  3 smoke demons (D)
  8 black mambas (D)
  2 apocalypse crabs (D)
  An orange demon (D)
  11 rime drakes (D)
  12 cane toads (D)
  An unseen horror (D)
  A hellion (D)
  8 freezing wraiths (D)
  5 efreet (D)
  7 ice devils (D)
  9 large abominations (D)
  3 ancient zymes (D)
  A guardian mummy (D)
  7 komodo dragons (D)
  A tormentor (D)
  4 trolls (D)
  2 hellwings (D)
  3 merfolk (D)
  10 wind drakes (D)
  2 raiju (D)
  A tarantella (D)
  7 polar bears (D)
  3 blink frogs (D)
  6 slime creatures (D)
  A jumping spider (D)
  2 glass eyes (D)
  9 air elementals (D)
  8 shadows (D)
  2 wyverns (D)
  5 vampires (D)
  2 ushabtiu (D)
  A fire bat (D)
  3 ynoxinuls (D)
  6 fire elementals (D)
  5 basilisks (D)
  A water elemental (D)
  5 yaks (D)
  4 golden eyes (D)
  3 neqoxecs (D)
  A redback (D)
  3 small abominations (D)
  14 water moccasins (D)
  2 hell hounds (D)
  7 ice beasts (D)
  2 laughing skulls (D)
  2 ogres (D)
  3 wolves (D)
  A weeping skull (D)
  2 brain worms (D)
  5 necrophages (D)
  3 scorpions (D)
  5 wights (D)
  2 crimson imps (D)
  A quasit (D)
  4 jellies (D)
  5 iron imps (D)
  4 mummies (D)
  8 white imps (D)
  2 ufetubi (D)
  2 adder zombies (D)
  5 adder skeletons (D)
  6 adder simulacra (D)
  5 bat skeletons (D)
  A bat zombie (D)
  2 endoplasms (D)
  2 ball python simulacra (D)
  2 ball python skeletons (D)
  3 ball python zombies (D)
  A bat simulacrum (D)
  A giant cockroach simulacrum (D)
  3 giant cockroach zombies (D)
  3 jackal simulacra (D)
  A jackal skeleton (D)
  A jackal zombie (D)
  7 quokka simulacra (D)
  2 quokka skeletons (D)
  A quokka zombie (D)
  5 fire vortices (D)
  2 lurking horrors (D)
  4 tentacles (D)
523 creatures vanquished.

Vanquished Creatures (others)
  A bat zombie (D)
  A jackal simulacrum (D)
  8 tentacles (D)
10 creatures vanquished.

Grand Total: 533 creatures vanquished

Notes
Turn   | Place    | Note
-------+----------+-------------------------------------------
     0 | D        | Groucho the Gnoll Wanderer began the quest for the Orb.
     0 | D        | Groucho set off with the following items: a +0 dagger, 10
                  | poisoned darts, a scroll of fog, a +0 robe, a potion of
                  | curing, a potion of heal wounds, a potion of haste, 2
                  | potions of magic, a potion of berserk rage, a scroll of
                  | blinking; and the following spells available to memorise:
                  | Freeze, Sandblast, Ensorcelled Hibernation, Hailstorm,
                  | Stone Arrow.
     0 | D        | Reached XP level 1. HP: 13/13 MP: 8/8
     0 | D        | Banished a spatial maelstrom
     5 | D        | Found a shimmering blue altar of Sif Muna.
     5 | D        | Found a bloodstained altar of Trog.
     5 | D        | Found a sacrificial altar of Ru.
     5 | D        | Found a stormy altar of Qazlal.
     5 | D        | Found an iron altar of Okawaru.
     6 | D        | Found a sparkling altar of Nemelex Xobeh.
     6 | D        | Found a blossoming altar of Fedhas.
     6 | D        | Found the +6 Majin-Bo {spellvamp, MP+6 Int+6}
     6 | D        | Found the +27 heavy crossbow "Sniper" {heavy, Acc+∞ SInv}
     6 | D        | Found the +10 dark maul {heavy}
     6 | D        | Found the +15 Maxwell's patent armour {-Cast -Tele rElec
                  | Will+ rCorr}
     6 | D        | Found the +18 shield of the Gong {Loud rN+ Will+ rCorr
                  | EV-5}
     6 | D        | Found the +16 obsidian axe {drain, demonic, Mesm ^Drain Fly
                  | SInv}
     6 | D        | Found the +7 great mace "Firestarter" {flame, immolate,
                  | rFlCloud rF++}
     6 | D        | Found the +6 shillelagh "Devastator" {shatter}
     6 | D        | Found the +11 plutonium sword {^Contam Stlth-}
     6 | D        | Found the +8 lance "Wyrmbane" {slay drac, rPois rF+ rC+
                  | AC+3}
     6 | D        | Found the +9 sword of Zonguldrok {reap}
     6 | D        | Found the +13 scythe of Curses {drain, curses, ^Drain}
     6 | D        | Found the +9 sword of Power {lifebolt}
     6 | D        | Found the +7 mace of Variability {chaos, chaos arc}
     6 | D        | Found the +11 Singing Sword {sonic wave}
     6 | D        | Found the +8 storm bow {elec, penet}
     8 | D        | Found a transporter.
     8 | D        | Found an ancient bone altar of Kikubaaqudgha.
     8 | D        | Found a viscous altar of Jiyva.
     8 | D        | Found a corrupted altar of Lugonu.
     8 | D        | Found a hazy altar of Hepliaklqana.
     8 | D        | Found a burning altar of Makhleb.
     8 | D        | Found an opulent altar of Gozag.
    56 | D        | Became a worshipper of Qazlal Stormbringer
    83 | D        | Entered arena 2.
    83 | D        | Noticed a necrophage
    83 | D        | Found a transporter.
    88 | D        | Killed a necrophage
    89 | D        | Reached XP level 2. HP: 23/23 MP: 8/10
    89 | D        | Reached XP level 3. HP: 28/28 MP: 9/12
    89 | D        | Reached XP level 4. HP: 34/34 MP: 9/13
   221 | D        | Entered arena 3.
   221 | D        | Noticed a laughing skull
   221 | D        | Found a transporter.
   228 | D        | Killed a laughing skull
   228 | D        | Reached * piety under Qazlal
   229 | D        | Reached XP level 5. HP: 33/41 MP: 13/15
   239 | D        | Reached ** piety under Qazlal
   240 | D        | Reached skill level 5 in Ice Magic
   248 | D        | Got Beqoul's Encyclopedia of Displaced Bringing Forth
   459 | D        | Entered arena 4.
   459 | D        | Noticed a ynoxinul
   459 | D        | Found a transporter.
   465 | D        | Killed a ynoxinul
   466 | D        | Reached skill level 5 in Dodging
   466 | D        | Reached skill level 5 in Invocations
   466 | D        | Reached XP level 6. HP: 35/50 MP: 15/17
   466 | D        | Reached *** piety under Qazlal
   483 | D        | Entered arena 5.
   483 | D        | Noticed an ice beast
   483 | D        | Noticed a polar bear
   483 | D        | Found a transporter.
   488 | D        | Killed an ice beast
   488 | D        | Killed a polar bear
   489 | D        | Reached skill level 5 in Fighting
   489 | D        | Reached skill level 5 in Short Blades
   489 | D        | Reached skill level 5 in Long Blades
   489 | D        | Reached skill level 5 in Axes
   489 | D        | Reached skill level 5 in Maces & Flails
   489 | D        | Reached skill level 5 in Polearms
   489 | D        | Reached skill level 5 in Staves
   489 | D        | Reached skill level 5 in Ranged Weapons
   489 | D        | Reached skill level 5 in Armour
   489 | D        | Reached skill level 5 in Stealth
   489 | D        | Reached skill level 5 in Shields
   489 | D        | Reached skill level 5 in Unarmed Combat
   489 | D        | Reached skill level 5 in Earth Magic
   489 | D        | Reached skill level 5 in Evocations
   489 | D        | Reached skill level 5 in Shapeshifting
   489 | D        | Reached XP level 7. HP: 48/57 MP: 11/19
   704 | D        | Entered arena 6.
   704 | D        | Noticed a fire elemental
   704 | D        | Noticed a deep elf knight
   704 | D        | Noticed a +0 flail of protection
   704 | D        | Noticed a fire elemental
   704 | D        | Noticed a +2 scimitar of holy wrath
   704 | D        | Found a transporter.
   708 | D        | Killed a deep elf knight
   709 | D        | Reached skill level 5 in Conjurations
   709 | D        | Reached skill level 5 in Hexes
   709 | D        | Reached skill level 5 in Summonings
   709 | D        | Reached skill level 5 in Necromancy
   709 | D        | Reached skill level 5 in Translocations
   709 | D        | Reached skill level 5 in Fire Magic
   709 | D        | Reached skill level 5 in Air Magic
   709 | D        | Reached skill level 5 in Alchemy
   709 | D        | Reached XP level 8. HP: 51/65 MP: 7/21
   710 | D        | Reached skill level 10 in Spellcasting
   724 | D        | Killed a +2 scimitar of holy wrath
   725 | D        | Reached skill level 10 in Throwing
   725 | D        | Reached XP level 9. HP: 49/73 MP: 4/23
   729 | D        | Killed a +0 flail of protection
   729 | D        | Reached **** piety under Qazlal
  1045 | D        | Got the Vellum of Formation and Geology
  1233 | D        | Entered arena 7.
  1233 | D        | Noticed an eye of devastation
  1234 | D        | Found a transporter.
  1239 | D        | Reached ***** piety under Qazlal
  1248 | D        | Killed an eye of devastation
  1249 | D        | Reached XP level 10. HP: 58/82 MP: 25/25
  1254 | D        | Got Sif Muna's Secrets of Accomplices
  1266 | D        | Entered arena 8.
  1266 | D        | Noticed a deep elf zephyrmancer
  1266 | D        | Noticed a +1 glaive of freezing
  1266 | D        | Noticed a deep elf knight
  1266 | D        | Noticed a deep elf pyromancer
  1267 | D        | Killed a deep elf zephyrmancer
  1267 | D        | Paralysed by an air elemental for 1 turns
  1273 | D        | Killed a deep elf knight
  1273 | D        | Killed a +1 glaive of freezing
  1274 | D        | Reached skill level 10 in Invocations
  1274 | D        | Killed a deep elf pyromancer
  1275 | D        | Reached skill level 10 in Dodging
  1275 | D        | Found a transporter.
  1285 | D        | Got the +2 pair of boots of Hopscotch {^Contam Fly rPois
                  | Dex+7}
  1819 | D        | Entered arena 9.
  1820 | D        | Found a transporter.
  1824 | D        | Reached skill level 10 in Fighting
  1824 | D        | Reached skill level 10 in Short Blades
  1824 | D        | Reached skill level 10 in Long Blades
  1824 | D        | Reached skill level 10 in Axes
  1824 | D        | Reached skill level 10 in Maces & Flails
  1824 | D        | Reached skill level 10 in Polearms
  1824 | D        | Reached skill level 10 in Staves
  1824 | D        | Reached skill level 10 in Ranged Weapons
  1824 | D        | Reached skill level 10 in Armour
  1824 | D        | Reached skill level 10 in Stealth
  1824 | D        | Reached skill level 10 in Shields
  1824 | D        | Reached skill level 10 in Unarmed Combat
  1824 | D        | Reached skill level 10 in Evocations
  1824 | D        | Reached XP level 11. HP: 90/90 MP: 17/27
  1837 | D        | Got the amulet "Ovainoif" {Spirit *Corrode rElec rF++}
  2032 | D        | Entered arena 10.
  2032 | D        | Noticed a wolf spider
  2032 | D        | Noticed a wolf spider
  2033 | D        | Reached ****** piety under Qazlal
  2034 | D        | Found a transporter.
  2035 | D        | Killed a wolf spider
  2037 | D        | Killed a wolf spider
  2053 | D        | Got the ring "Qommuderph" {Wiz Int+2}
  2064 | D        | Entered arena 11.
  2072 | D        | Found a transporter.
  2082 | D        | Got the Discourse on Postmortem Obstruction
  2086 | D        | Got the ring "Woluirip" {Str+6 Dex+3}
  2422 | D        | Entered arena 12.
  2422 | D        | Noticed an ophan
  2422 | D        | Noticed a cherub
  2422 | D        | Noticed a daeva
  2423 | D        | Noticed a pearl dragon
  2428 | D        | Killed a cherub
  2428 | D        | Killed a daeva
  2429 | D        | Reached skill level 10 in Ice Magic
  2429 | D        | Reached skill level 10 in Shapeshifting
  2429 | D        | Killed an ophan
  2434 | D        | Killed a pearl dragon
  2435 | D        | Found a transporter.
  2759 | D        | Entered arena 13.
  2759 | D        | Noticed a rockslime
  2759 | D        | Noticed a shining eye
  2759 | D        | Noticed a rockslime
  2760 | D        | Noticed an acid blob
  2760 | D        | Noticed an azure jelly
  2760 | D        | Noticed a rockslime
  2762 | D        | Killed a shining eye
  2763 | D        | Reached skill level 10 in Earth Magic
  2763 | D        | Reached XP level 12. HP: 100/100 MP: 13/30
  2766 | D        | Killed an acid blob
  2767 | D        | Reached skill level 10 in Conjurations
  2767 | D        | Reached skill level 10 in Hexes
  2767 | D        | Reached skill level 10 in Summonings
  2767 | D        | Reached skill level 10 in Necromancy
  2767 | D        | Reached skill level 10 in Translocations
  2767 | D        | Reached skill level 10 in Fire Magic
  2767 | D        | Reached skill level 10 in Air Magic
  2767 | D        | Reached skill level 10 in Alchemy
  2770 | D        | Killed a rockslime
  2770 | D        | Killed a rockslime
  2770 | D        | Killed an azure jelly
  2771 | D        | Reached skill level 15 in Spellcasting
  2771 | D        | Killed a rockslime
  2773 | D        | Found a transporter.
  3360 | D        | Entered arena 14.
  3360 | D        | Noticed a merfolk aquamancer
  3361 | D        | Noticed a merfolk javelineer
  3361 | D        | Noticed a merfolk impaler
  3363 | D        | Noticed a merfolk javelineer
  3363 | D        | Noticed a merfolk javelineer
  3363 | D        | Noticed a merfolk impaler
  3363 | D        | Found a transporter.
  3365 | D        | Noticed a merfolk aquamancer
  3365 | D        | Killed a merfolk aquamancer
  3365 | D        | Killed a merfolk javelineer
  3365 | D        | Killed a merfolk impaler
  3365 | D        | Killed a merfolk aquamancer
  3367 | D        | Killed a merfolk javelineer
  3367 | D        | Killed a merfolk javelineer
  3368 | D        | Reached XP level 13. HP: 61/109 MP: 8/33
  3370 | D        | Killed a merfolk impaler
  3618 | D        | Got Xih Qetz's Meditations on Congealing Beguiling
  3729 | D        | Entered arena 15.
  3730 | D        | Noticed an acid blob
  3730 | D        | Noticed a rockslime
  3730 | D        | Noticed an azure jelly
  3731 | D        | Noticed an azure jelly
  3731 | D        | Noticed a rockslime
  3732 | D        | Killed an acid blob
  3734 | D        | Killed an azure jelly
  3735 | D        | Killed a rockslime
  3738 | D        | Killed a rockslime
  3741 | D        | Reached skill level 15 in Throwing
  3748 | D        | Killed an azure jelly
  3749 | D        | Found a transporter.
  3776 | D        | Got the Collected Works on Virulent Gusts
  3791 | D        | Entered arena 16.
  3791 | D        | Noticed a stone giant
  3791 | D        | Noticed a stone giant
  3792 | D        | Noticed a stone giant
  3792 | D        | Noticed a fire giant
  3795 | D        | Reached skill level 15 in Invocations
  3795 | D        | Killed a stone giant
  3795 | D        | Killed a stone giant
  3797 | D        | Killed a fire giant
  3798 | D        | Killed a stone giant
  3799 | D        | Found a transporter.
  4019 | D        | Entered arena 17.
  4021 | D        | Noticed a wendigo
  4021 | D        | Noticed a frost giant
  4024 | D        | Killed a frost giant
  4025 | D        | Killed a wendigo
  4030 | D        | Found a transporter.
  4046 | D        | Got Roxanne's Anthology of the Quarry and Toxicity
  4058 | D        | Entered arena 18.
  4060 | D        | Noticed a ghoul
  4060 | D        | Noticed a lich
  4061 | D        | Noticed a vampire knight
  4063 | D        | Reached skill level 15 in Axes
  4063 | D        | Reached XP level 14. HP: 93/121 MP: 14/37
  4063 | D        | Killed a lich
  4064 | D        | Reached skill level 15 in Dodging
  4074 | D        | Killed a ghoul
  4096 | D        | Reached skill level 15 in Fighting
  4096 | D        | Reached skill level 15 in Short Blades
  4096 | D        | Reached skill level 15 in Long Blades
  4096 | D        | Reached skill level 15 in Maces & Flails
  4096 | D        | Reached skill level 15 in Polearms
  4096 | D        | Reached skill level 15 in Staves
  4096 | D        | Reached skill level 15 in Ranged Weapons
  4096 | D        | Reached skill level 15 in Armour
  4096 | D        | Reached skill level 15 in Stealth
  4096 | D        | Reached skill level 15 in Shields
  4096 | D        | Reached skill level 15 in Unarmed Combat
  4096 | D        | Reached skill level 15 in Evocations
  4107 | D        | Killed a vampire knight
  4383 | D        | Found a transporter.
  4421 | D        | Got the ring of Freedom {rF+ Str+4 Slay+4}
  4430 | D        | Got the ring of Grace {rElec EV+5}
  4616 | D        | Entered arena 19.
  4627 | D        | Found a transporter.
  4663 | D        | Got the ring "Salarewn" {AC+4 Slay+2}
  4670 | D        | Got the ring of Propriety {rElec rPois rF+ rC+ Str-2}
  4851 | D        | Entered arena 20.
  4855 | D        | Noticed a vampire knight
  4855 | D        | Noticed an ancient lich
  4856 | D        | Identified the ring "Hauklut" {rPois rC+ rCorr Str-4 Int-2}
  4856 | D        | Noticed a vampire knight
  4856 | D        | Identified the +11 lajatang "Luar Pec" {protect, ^Contam
                  | rPois rN+}
  4857 | D        | Identified the ring of the Irksome Tamarind {*Corrode rElec
                  | rC++ Dex+6}
  4859 | D        | Killed a vampire knight
  4860 | D        | Identified the +1 robe "Cyna" {^Drain rElec rF+}
  4861 | D        | Found a transporter.
  4873 | D        | Killed a vampire knight
  4875 | D        | Killed an ancient lich
  4890 | D        | Got the Omnibus of Arcane Combat
  4899 | D        | Got the Directory of Lofty Command
  4920 | D        | Entered arena 21.
  4923 | D        | Noticed a balrug
  4924 | D        | Noticed a fire giant
  4924 | D        | Noticed a fire giant
  4924 | D        | Noticed a fire giant
  4924 | D        | Noticed a balrug
  4924 | D        | Noticed a fire giant
  4924 | D        | Noticed a fire giant
  4924 | D        | Noticed a fire giant
  4925 | D        | Killed a balrug
  4925 | D        | Killed a balrug
  4925 | D        | Killed a fire giant
  4926 | D        | Killed a fire giant
  4926 | D        | Killed a fire giant
  4926 | D        | Killed a fire giant
  4926 | D        | Noticed a balrug
  4926 | D        | Identified the +9 short sword "Arcanum" {drain, rC+}
  4926 | D        | Noticed a balrug
  4926 | D        | Identified the ring of the Albatross {Fire Will+}
  4926 | D        | Noticed a fire giant
  4927 | D        | Reached skill level 15 in Shapeshifting
  4927 | D        | Reached XP level 15. HP: 90/132 MP: 22/40
  4927 | D        | Killed a balrug
  4928 | D        | Killed a fire giant
  4931 | D        | Killed a balrug
  4932 | D        | Killed a fire giant
  4933 | D        | Found a transporter.
  4937 | D        | Killed a fire giant
  5092 | D        | Entered arena 22.
  5095 | D        | Identified the +3 rapier of Edivveom {flame, *Rage rElec
                  | Int+4 Dex+7}
  5096 | D        | Noticed a ghoul
  5096 | D        | Noticed a lich
  5097 | D        | Noticed a ghoul
  5097 | D        | Noticed a lich
  5098 | D        | Killed a ghoul
  5099 | D        | Killed a lich
  5099 | D        | Killed a ghoul
  5100 | D        | Reached skill level 15 in Ice Magic
  5102 | D        | Killed a lich
  5208 | D        | Found a transporter.
  5238 | D        | Got the Quarto of the Supportive Vector
  5401 | D        | Entered arena 23.
  5423 | D        | Reached skill level 15 in Conjurations
  5423 | D        | Reached skill level 15 in Hexes
  5423 | D        | Reached skill level 15 in Summonings
  5423 | D        | Reached skill level 15 in Necromancy
  5423 | D        | Reached skill level 15 in Translocations
  5423 | D        | Reached skill level 15 in Fire Magic
  5423 | D        | Reached skill level 15 in Air Magic
  5423 | D        | Reached skill level 15 in Earth Magic
  5423 | D        | Reached skill level 15 in Alchemy
  5433 | D        | Found the +3 giant club "Skullcrusher" {speed, Str+7}
  5545 | D        | Found a transporter.
  5664 | D        | Entered arena 24.
  6077 | D        | Noticed an electric golem
  6077 | D        | Noticed a storm dragon
  6077 | D        | Noticed a storm dragon
  6078 | D        | Noticed an electric golem
  6078 | D        | Noticed a titan
  6078 | D        | Noticed a storm dragon
  6078 | D        | Noticed a titan
  6078 | D        | Noticed a storm dragon
  6078 | D        | Noticed a titan
  6078 | D        | Noticed a storm dragon
  6079 | D        | Noticed an electric golem
  6079 | D        | Noticed an electric golem
  6080 | D        | Noticed a storm dragon
  6080 | D        | Noticed an electric golem
  6081 | D        | Noticed an electric golem
  6082 | D        | Killed a storm dragon
  6082 | D        | Killed a storm dragon
  6083 | D        | Reached XP level 16. HP: 91/144 MP: 26/44
  6083 | D        | Killed a titan
  6083 | D        | Killed a storm dragon
  6083 | D        | Killed a storm dragon
  6083 | D        | Killed a storm dragon
  6083 | D        | Killed an electric golem
  6083 | D        | Killed an electric golem
  6083 | D        | Killed a titan
  6084 | D        | Killed an electric golem
  6086 | D        | Killed an electric golem
  6087 | D        | Killed a storm dragon
  6087 | D        | Identified the +8 war axe "Bigibueh" {elec, rC+++ Int-2}
  6089 | D        | Noticed a storm dragon
  6093 | D        | Noticed a titan
  6096 | D        | Killed a titan
  6096 | D        | Killed an electric golem
  6096 | D        | Killed a titan
  6097 | D        | Killed a storm dragon
  6097 | D        | Killed an electric golem
  6498 | D        | Found the sphere of Battle
  6500 | D        | Found a transporter.
  6509 | D        | Got the Book of the Serac and the Wayfarer
  6575 | D        | Entered arena 25.
  6582 | D        | Noticed a kraken
  6582 | D        | Noticed a kraken
  6582 | D        | Identified the +5 scale mail of Lynge {Str+2}
  6582 | D        | Identified the +6 orcbow "Disoulu" {speed, +Blink rC+
                  | Stlth+}
  6583 | D        | Identified the +1 whip of the Mashing Whale {flame, Int+3
                  | Dex+3}
  6583 | D        | Noticed a kraken
  6584 | D        | Killed a kraken
  6585 | D        | Reached XP level 17. HP: 142/155 MP: 37/47
  6585 | D        | Identified the amulet "Kuetz" {RegenMP rC+}
  6589 | D        | Identified the ring "Viduod" {Int+6 SInv}
  6593 | D        | Killed a kraken
  6593 | D        | Killed a kraken
  6596 | D        | Found a transporter.
  6719 | D        | Entered arena 26.
  6727 | D        | Noticed an Ice Fiend
  6729 | D        | Noticed an Ice Fiend
  6729 | D        | Identified the +12 quarterstaff of Dawn {vamp, *Slow rPois
                  | rN+ Stlth+}
  6730 | D        | Noticed an Ice Fiend
  6730 | D        | Noticed an Ice Fiend
  6731 | D        | Reached skill level 27 in Spellcasting
  6731 | D        | Killed an Ice Fiend
  6731 | D        | Killed an Ice Fiend
  6731 | D        | Noticed an Ice Fiend
  6732 | D        | Killed an Ice Fiend
  6734 | D        | Killed an Ice Fiend
  6735 | D        | Killed an Ice Fiend
  7073 | D        | Found a transporter.
  7088 | D        | Got the dragon-blood talisman "Ysirre" {Dex+3}
  7099 | D        | Got the ring of Moral Flaws {Fly Str+3 Stlth+}
  7107 | D        | Got the amulet of Hashecoo {Rampage +Inv Regen+ Dex+3
                  | Stlth-}
  7123 | D        | Got the ring of Okatz {Wiz Int+6 Dex-3 Slay-5 Stlth+}
  7144 | D        | Entered arena 27.
  7167 | D        | Noticed an Executioner
  7169 | D        | Killed an Executioner
  7169 | D        | Paralysed by an air elemental for 1 turns
  7171 | D        | Noticed a tentacled starspawn
  7173 | D        | Killed a tentacled starspawn
  7173 | D        | Noticed a dread lich
  7181 | D        | Killed a dread lich
  7182 | D        | Reached XP level 18. HP: 168/168 MP: 17/49
  7197 | D        | Found a transporter.
  7232 | D        | Got the Omnibus of the Toxic Volley
  7303 | D        | Entered arena 28.
  7314 | D        | Reached skill level 27 in Axes
  7317 | D        | Found the +9 staff of Olgreb {rPois∞}
  7627 | D        | Found a transporter.
  7798 | D        | Got the Orb of Zot
  7803 | D        | Escaped with the Orb!

Illustrated notes

Levels and vault maps discovered:
D:        sprint_v [room_start, room_1, room_2, room_3, room_4, room_5, room_6,
          room_7, room_8, room_9, room_10, room_11, room_12, room_13, room_14,
          room_15, room_16, room_17, room_18, room_19, room_20, room_21,
          room_22, room_23, room_24, room_25, room_26, room_27]

Skill      XL: |  1  2  3  4  5  6  7  8  9 10 11 12 13 14 15 16 17 18 |
---------------+-------------------------------------------------------+-----
Earth Magic    | 3 4 5 6 7 8 10 11 12 14 15 17 19 | 19.9
Fighting       | 2 3 4 5 6 7 8 10 11 12 14 16 18 20 22 23 | 23.1
Short Blades   | 2 3 4 5 6 7 8 10 11 12 14 16 18 20 22 23 | 23.1
Long Blades    | 2 3 4 5 6 7 8 10 11 12 14 16 18 20 22 23 | 23.1
Axes           | 2 3 4 5 6 7 8 10 11 12 15 18 21 24 26 27 | 27.0
Maces & Flails | 2 3 4 5 6 7 8 10 11 12 14 16 18 20 22 23 | 23.1
Polearms       | 2 3 4 5 6 7 8 10 11 12 14 16 18 20 22 23 | 23.1
Staves         | 2 3 4 5 6 7 8 10 11 12 14 16 18 20 22 23 | 23.1
Ranged Weapons | 2 3 4 5 6 7 8 10 11 12 14 16 18 20 22 23 | 23.1
Throwing       | 7 8 9 10 11 13 14 15 17 19 21 23 | 23.8
Armour         | 2 3 4 5 6 7 8 10 11 12 14 16 18 20 22 23 | 23.9
Dodging        | 3 4 5 6 7 8 9 10 11 13 14 16 18 20 22 23 | 23.2
Stealth        | 2 3 4 5 6 7 8 10 11 12 14 16 18 20 22 23 | 23.1
Shields        | 2 3 4 5 6 7 8 10 11 12 14 16 18 20 22 23 | 23.1
Unarmed Combat | 2 3 4 5 6 7 8 10 11 12 14 16 18 20 22 23 | 23.1
Conjurations   | 2 4 5 6 7 8 9 11 12 13 15 17 19 | 19.8
Hexes          | 2 4 5 6 7 8 9 11 12 13 15 17 19 | 19.8
Summonings     | 2 4 5 6 7 8 9 11 12 13 15 17 19 | 19.8
Necromancy     | 2 4 5 6 7 8 9 11 12 13 15 17 19 | 19.8
Translocations | 2 4 5 6 7 8 9 11 12 13 15 17 19 | 19.8
Fire Magic     | 2 4 5 6 7 8 9 11 12 13 15 17 19 | 19.8
Ice Magic      | 4 5 6 7 8 9 10 11 13 14 16 17 19 20 | 20.1
Air Magic      | 2 4 5 6 7 8 9 11 12 13 15 17 19 | 19.8
Alchemy        | 2 4 5 6 7 8 9 11 12 13 15 17 19 | 19.8
Invocations    | 2 3 5 6 7 8 9 10 12 14 15 17 19 21 24 | 24.9
Evocations     | 2 3 4 5 6 7 8 10 11 12 14 16 18 20 22 23 | 23.1
Shapeshifting  | 2 3 4 5 6 7 9 10 11 13 15 16 18 20 21 | 21.4
Spellcasting   | 8 9 10 11 12 14 16 19 21 24 26 27 | 27.0

Action                     |  1- 3 |  4- 6 |  7- 9 | 10-12 | 13-15 | 16-18 || total
---------------------------+-------+-------+-------+-------+-------+-------++-------
  Melee: Shillelagh        |     3 |    23 |    29 |    13 |    96 |    24 ||   188
         Bite              |       |       |     6 |       |    15 |     4 ||    25
 Invoke: Upheaval          |       |     2 |     6 |    26 |    19 |    16 ||    69
         Disaster Area     |       |       |       |     9 |    23 |    19 ||    51
Ability: Begin Untransform |       |       |       |     1 |       |       ||     1
    Use: Potion            |       |       |     2 |       |     3 |     5 ||    10
 Armour: Plate armour      |       |    35 |    30 |    18 |    73 |    47 ||   203
  Dodge: Dodged            |       |     1 |     1 |     1 |    24 |    14 ||    41
         Repelled          |       |       |       |       |     1 |     3 ||     4
  Block: Kite shield       |     3 |    40 |    59 |    50 |   181 |    65 ||   398
         Reflection        |       |       |       |       |     7 |     6 ||    13
   Form: Beast             |       |     1 |       |       |       |       ||     1
